 Dungeon Crawl Stone Soup version 0.32-a0-18-g89e19f1974 (webtiles) character file.

Game seed: 4018393934168650788

277 Sweetruy1997 the Firebug (level 5, -7/39 HPs)
             Began as a Demigod Fire Elementalist on Jan 16, 2024.
             Killed themself with a badly aimed concussive blast (10 damage)
             ... on level 4 of the Dungeon.
             The game lasted 00:11:57 (3025 turns).

Sweetruy1997 the Firebug (DgFE)                     Turns: 3025, Time: 00:11:58

Health: -7/39      AC:  3    Str: 13    XL:     5   Next: 74%
Magic:  4/13       EV: 12    Int: 17    God:
Gold:   146        SH:  0    Dex: 14    Spells: 1/10 levels left

rFire   . . .        m - staff of air
rCold   . . .        (no shield)
rNeg    . . .        g - +0 leather armour
rPois   .            (no helmet)
rElec   +            (no cloak)
rCorr   .            (no gloves)
SInv    .            (no boots)
Will    .....        (no amulet)
Stlth   ++           (no ring)
HPRegen 0.26/turn    (no ring)
MPRegen 0.13/turn

%: no passive effects
@: no status effects
A: high MP 1, forlorn, divine attributes
a: no special abilities


You were on level 4 of the Dungeon.
You visited 1 branch of the dungeon, and saw 4 of its levels.

You collected 146 gold pieces.

Inventory:

Armour
 g - a +0 leather armour (worn)
Magical Staves
 m - a staff of air (weapon)
Wands
 n - a wand of charming (10)
Scrolls
 c - 8 scrolls of identify {unknown}
 d - a scroll of blinking {unknown}
 e - a scroll of teleportation {unknown}
 f - a scroll of vulnerability {unknown}
 l - a scroll of fear {unknown}
Potions
 a - a potion of curing
 b - a potion of magic
 h - a potion of cancellation {unknown}
 i - a potion of attraction {unknown}
 j - 2 potions of resistance {unknown}
 k - 2 potions of heal wounds {unknown}
 o - a potion of might {unknown}


   Skills:
 + Level 0.4 Fighting
 + Level 1.2 Armour
 - Level 2.0 Dodging
 - Level 2.0 Stealth
 + Level 3.4 Spellcasting
 + Level 1.7 Conjurations
 + Level 4.3 Fire Magic


You had one spell level left.
You knew the following spells:

 Your Spells              Type           Power      Damage    Failure   Level
a - Foxfire               Conj/Fire      52%        2x1d6     6%          1
b - Scorch                Fire           34%        2d6       5%          2
c - Volatile Blastmotes   Fire/Tloc      20%        2d11      26%         3
d - Inner Flame           Hex/Fire       10%        N/A       26%         3

Your spell library contained the following spells:

 Spells                   Type           Power      Damage    Failure   Level
 Flame Wave               Conj/Fire      13%        2d6       52%         4


Dungeon Overview and Level Annotations

Branches:
Dungeon (4/15)
 Temple: D:4-7


Innate Abilities, Weirdness & Mutations

You have an increased reservoir of magic. (+10% MP)
You shall have no god before yourself.
Your divine heritage dramatically boosts your attributes as you level up.


Message History

You are more poisoned.
The scorpion poisons you! The goblin closely misses you.
You hit the scorpion but do no damage.
The scorpion is lightly wounded.
You feel very sick. The scorpion stings you!
* * * LOW HITPOINT WARNING * * *
The goblin misses you. The scorpion stings you.
* * * LOW HITPOINT WARNING * * *
You are too injured to fight recklessly!
It was a potion of curing.
You feel better.
The scorpion stings you but does no damage.
The goblin hits you with a +0 club.
You are too injured to fight recklessly!
Casting: Scorch (safe; 5% risk of failure)
Confirm with . or Enter, or press ? or * to list all spells.
Flames lash the goblin.
You kill the goblin!
The scorpion closely misses you.
Casting: Scorch (safe; 5% risk of failure)
Confirm with . or Enter, or press ? or * to list all spells.
Flames lash the scorpion.
The scorpion is moderately wounded.
The scorpion's fire resistance burns away.
The quokka bites you.
* * * LOW HITPOINT WARNING * * *
The scorpion stings you.
* * * LOW HITPOINT WARNING * * *
Casting: Scorch (safe; 5% risk of failure)
Confirm with . or Enter, or press ? or * to list all spells.
A cloud of volatile blastmotes flares up around you!
Run!
The quokka misses you. The scorpion stings you.
* * * LOW HITPOINT WARNING * * *
The quokka completely misses you.
The cloud of blastmotes explodes!
The concussive blast engulfs the scorpion.
The scorpion is burned terribly!
The scorpion is heavily wounded.
The concussive blast engulfs you!
You die...

##..#####....#
##...# .....
#..## .# . ##.#
#.#. #..## ...
##..##..#
#....#..###.
##.#....r......
#.....@s....##.
#....[###....#
####..# ....#
..... .....
##...# .....
#...# .#.. ..$.
.#^. ###..


You could see a scorpion (combustible) and a quokka.

Vanquished Creatures
  2 hounds
  Jessica (D:2)
  Natasha (thrice) (D:2)
  6 adders
  A dart slug (D:4)
  A ribbon worm (D:2)
  7 orcs
  3 endoplasms
  2 giant cockroaches
  5 goblins
  5 hobgoblins
  8 kobolds
  5 quokkas
  2 ball pythons
  3 bats (D:2)
  2 frilled lizards
  4 rats
60 creatures vanquished.

Vanquished Creatures (others)
  110 foxfires
110 creatures vanquished.

Grand Total: 170 creatures vanquished

Notes
Turn   | Place    | Note
-------+----------+-------------------------------------------
     0 | D:1      | Sweetruy1997 the Demigod Fire Elementalist began the quest
                  | for the Orb.
     0 | D:1      | Reached XP level 1. HP: 14/14 MP: 5/5
     3 | D:1      | Noticed an electric eel
     4 | D:1      | Noticed an electric eel
   148 | D:1      | Reached skill level 3 in Fire Magic
   277 | D:1      | Reached XP level 2. HP: 22/22 MP: 5/7
   308 | D:1      | Learned a level 2 spell: Scorch
   907 | D:2      | Reached XP level 3. HP: 27/27 MP: 2/8
   917 | D:2      | Reached skill level 1 in Conjurations
   936 | D:2      | Learned a level 3 spell: Volatile Blastmotes
   998 | D:2      | Noticed Jessica
  1010 | D:2      | Killed Jessica
  1250 | D:2      | Noticed Natasha
  1255 | D:2      | Killed Natasha
  1256 | D:2      | Reached XP level 4. HP: 34/34 MP: 4/10
  1267 | D:2      | Noticed Natasha
  1272 | D:2      | Killed Natasha
  1469 | D:2      | Noticed Natasha
  1476 | D:2      | Killed Natasha
  1477 | D:2      | Reached skill level 4 in Fire Magic
  1631 | D:2      | Reached XP level 5. HP: 39/39 MP: 6/12
  1748 | D:2      | Reached skill level 1 in Armour
  2873 | D:4      | Learned a level 3 spell: Inner Flame
  3025 | D:4      | Killed themself with a badly aimed concussive blast

Illustrated notes

Levels and vault maps discovered:
D:1:      arrival_aquarium_b, layout_loops_ring
D:2:      layout_rooms, basic_ecumenical_altar, uniq_natasha, uniq_jessica
D:3:      layout_basic, mainiacjoe_overflow_tiny_flanked, st_stairs_6
D:4:      layout_cave_pools, biasface_ghost_orc_armoury

Skill      XL: |  1  2  3  4  5 |
---------------+----------------+-----
Fire Magic     | 3 4 |  4.3
Spellcasting   | 2 3 |  3.4
Conjurations   | 1 |  1.7
Dodging        | 2 |  2.0
Stealth        | 2 |  2.0
Armour         | 1 |  1.2
Fighting       | |  0.4

Action                     |  1- 3 |  4- 6 || total
---------------------------+-------+-------++-------
  Melee: Unarmed           |     6 |       ||     6
         Dagger            |     4 |     9 ||    13
         Staff             |       |     6 ||     6
   Cast: Foxfire           |    30 |    39 ||    69
         Scorch            |    10 |    24 ||    34
         Volatile Blastmot |       |     1 ||     1
    Use: Potion            |       |     1 ||     1
 Armour: Robe              |     6 |       ||     6
         Leather armour    |     1 |    26 ||    27
  Dodge: Dodged            |     6 |    18 ||    24

Table legend: (Time is in decaauts)
 A = Elapsed time spent in this place.
 B = Non-inter-level travel time spent in this place.
 C = Inter-level travel time spent in this place.
 D = Time resting spent in this place.
 E = Time spent auto-exploring this place.
 F = Levels seen in this place.
 G = Mean time per level.
                   A        B        C        D        E       F      G
               +--------+--------+--------+--------+--------+-----+--------+
         Total |   3024 |   2965 |     59 |      0 |   2567 |   4 |  756.0 |
       Dungeon |   3024 |   2965 |     59 |      0 |   2567 |   4 |  756.0 |
               +--------+--------+--------+--------+--------+-----+--------+

Top non-repeatable levels by time:
     D:2: 1134 daAuts
     D:3: 881 daAuts
     D:1: 808 daAuts
     D:4: 199 daAuts
